 Dungeon Crawl Stone Soup version 0.32-a0-886-g41c5271027 (webtiles) character file.

Game seed: 6027699106232487736

139 BleachOnTheBeach the Grasshopper (level 5, -3/40 HPs)
             Began as a Coglin Warper on Apr 2, 2024.
             Slain by a gnoll
             ... wielding a +0 flail
              (13 damage)
             ... on level 3 of the Dungeon.
             The game lasted 00:19:15 (2177 turns).

BleachOnTheBeach the Grasshopper (Coglin Warper)    Turns: 2177, Time: 00:19:15

Health: -3/40      AC:  5    Str: 11    XL:     5   Next: 22%
Magic:  6/7        EV: 11    Int: 13    God:
Gold:   96         SH:  0    Dex: 15    Spells: 3/7 levels left

rFire   . . .        a - +1 falchion {Eunwoo}
rCold   . . .        e - +0 dagger {Consuela}
rNeg    . . .        b - +0 leather armour
rPois   .            g - +0 helmet
rElec   .            (no cloak)
rCorr   .            h - +0 pair of gloves
SInv    .            (no boots)
Will    .....        (amulet unavailable)
Stlth   +            (ring unavailable)
HPRegen 0.26/turn    (ring unavailable)
MPRegen 0.10/turn    (no gizmo)

%: no passive effects
@: revving
A: off-hand wielding, slow wielding, warmup strikes, no jewellery
a: Invent Gizmo


You were on level 3 of the Dungeon.
You visited 1 branch of the dungeon, and saw 3 of its levels.

You collected 96 gold pieces.

Inventory:

Hand Weapons
 a - a +1 falchion (weapon) {Eunwoo}
 e - a +0 dagger (offhand) {Consuela}
Missiles
 c - a throwing net
 d - 7 darts of dispersal (quivered)
 f - 10 poisoned darts
Armour
 b - a +0 leather armour (worn)
 g - a +0 helmet (worn)
 h - a +0 pair of gloves (worn)
Scrolls
 i - 3 scrolls of teleportation
 j - a scroll of blinking
 m - a scroll of amnesia


   Skills:
 + Level 2.9 Fighting
 + Level 0.8(2.0) Short Blades
 + Level 3.2(3.3) Long Blades
 - Level 1.0 Throwing
 + Level 2.2 Armour
 + Level 2.1 Dodging
 - Level 1.8 Spellcasting
 - Level 3.2 Translocations


You had 3 spell levels left.
You knew the following spells:

 Your Spells              Type           Power      Damage    Failure   Level
a - Blink                 Tloc           18%        N/A       14%         2
b - Lesser Beckoning      Tloc           18%        N/A       14%         2

Your spell library contained the following spells:

 Spells                   Type           Power      Damage    Failure   Level
 Maxwell's Portable Pile  Tloc           9%         2d(6-16)  26%         3
 Teleport Other           Tloc           9%         N/A       26%         3
 Call Canine Familiar     Summ           1%         N/A       71%         3
 Sigil of Binding         Hex            1%         N/A       71%         3
 Stone Arrow              Conj/Erth      2%         3d7       71%         3
 Dimensional Bullseye     Hex/Tloc       2%         N/A       86%         4
 Vhi's Electric Charge    Tloc/Air       10%        N/A       86%         4
 Animate Armour           Summ/Erth      2%         N/A       98%         4
 Lehudib's Crystal Spear  Conj/Erth      0%         10d2      100%        8


Dungeon Overview and Level Annotations

Branches:
Dungeon (3/15)

Altars:
Trog

Shops:
D:2 !

Annotations:
D:3 Grinder


Innate Abilities, Weirdness & Mutations

You can wield a second weapon in your off-hand.
It takes a long time for you to wield or remove held weapons.
Your first few attacks do less damage.
You cannot equip rings or amulets.


Message History

Grinder is moderately wounded.
You hit Grinder but do no damage.
Grinder blinks!
A gnoll comes into view. It is wielding a +0 whip.
Okay, then.
Casting: Blink (safe; 14% risk of failure)
Confirm with . or Enter, or press ? or * to list all spells.
Aiming: Lesser Beckoning (safe; 14% risk of failure)
Press: ? - help, Shift-Dir - straight line, f - Grinder
Aim: Grinder (moderately wounded, 100% to hit)
Okay, then.
Okay, then.
Casting: Lesser Beckoning (safe; 14% risk of failure)
Confirm with . or Enter, or press ? or * to list all spells.
You blink.
You feel ready to blink again.
You open the door. The gnoll closely misses you.
There is an open door here.
You hit the gnoll with your +1 falchion.
The gnoll is heavily wounded.
You hit the gnoll but do no damage.
You barely miss the gnoll with your +1 falchion.
The gnoll is heavily wounded.
You hit the gnoll with your +0 dagger. The gnoll hits you with a +0 flail!
You barely miss the gnoll with your +0 dagger.
The gnoll is severely wounded.
You barely miss the gnoll with your +1 falchion.
The gnoll hits you with a +0 flail! The gnoll misses you.
The gnoll closely misses you.
The gnoll hits you from afar with a +0 spear.
* * * LOW HITPOINT WARNING * * *
Okay, then.
You feel better. The gnoll hits you with a +0 flail!
* * * LOW HITPOINT WARNING * * *
The gnoll hits you from afar with a +0 spear.
* * * LOW HITPOINT WARNING * * *
You barely miss the gnoll with your +1 falchion.
The gnoll is heavily wounded.
You hit the gnoll with your +0 dagger. The gnoll hits you with a +0 flail!
You die...

#######.####### #.#
#.# ##'## ##...## #
##.....######.# .
##......g##... ...
#........g#.##....#
+.......g5g@.....#
#.........#.##..##
##.......##.# .#
##.....###..
##...## #### ##'##
#.# #.# ## ##.##.#


You could see Grinder and 4 gnolls.

Vanquished Creatures
  Robin (D:2)
  3 adders (D:2)
  3 gnolls (D:2)
  A ribbon worm (D:2)
  2 dart slugs
  7 ball pythons
  3 bats
  2 endoplasms (D:1)
  2 giant cockroaches
  11 goblins
  11 hobgoblins
  7 jackals
  4 frilled lizards
  3 kobolds
  3 rats (D:1)
63 creatures vanquished.

Notes
Turn   | Place    | Note
-------+----------+-------------------------------------------
     0 | D:1      | BleachOnTheBeach the Coglin Warper began the quest for the
                  | Orb.
     0 | D:1      | Reached XP level 1. HP: 16/16 MP: 3/3
   120 | D:1      | Reached skill level 1 in Throwing
   123 | D:1      | Reached skill level 1 in Armour
   161 | D:1      | Reached XP level 2. HP: 17/22 MP: 4/4
   224 | D:1      | HP: 1/22 [dart slug/slug dart (2)]
   579 | D:1      | Reached XP level 3. HP: 25/27 MP: 5/5
   592 | D:1      | Learned a level 2 spell: Blink
  1208 | D:2      | Found Ygoukkue's Distillery.
  1210 | D:2      | Noticed Robin
  1284 | D:2      | Killed Robin
  1285 | D:2      | Reached XP level 4. HP: 26/34 MP: 6/6
  1557 | D:2      | Learned a level 2 spell: Lesser Beckoning
  1725 | D:2      | Reached XP level 5. HP: 40/40 MP: 7/7
  1872 | D:2      | Found a faded altar of an unknown god.
  1877 | D:2      | Prayed at the altar of an unknown god.
  1877 | D:2      | Became a worshipper of Trog the Wrathful
  1877 | D:2      | Reached * piety under Trog
  1881 | D:2      | Fell from the grace of Trog
  2157 | D:3      | Noticed Grinder
  2177 | D:3      | Slain by a gnoll

Illustrated notes

Levels and vault maps discovered:
D:1:      dpeg_chamrin_arrival_tetris, layout_basic, minmay_misc_feat_tower
D:2:      layout_rooms, serial_shops, shop,
          hellmonk_ecumenical_altar_heavens_door, uniq_robin
D:3:      layout_loops_corners, serial_shops, shop, dk_noncrumbling_4,
          st_stairs_1, dk_noncrumbling_2, uniq_grinder, uniq_natasha

Skill      XL: |  1  2  3  4  5 |
---------------+----------------+-----
Throwing       | 1 |  1.0
Armour         | 1 2 |  2.2
Dodging        | 2 |  2.1
Long Blades    | 3 |  3.2
Fighting       | |  2.9
Short Blades   | |  0.8
Spellcasting   | |  1.8
Translocations | |  3.2

Action                     |  1- 3 |  4- 6 || total
---------------------------+-------+-------++-------
  Melee: Falchion          |   102 |    67 ||   169
         Dagger            |    91 |    64 ||   155
   Cast: Blink             |       |     2 ||     2
 Invoke: Renounce Religion |       |     1 ||     1
    Use: Scroll            |     4 |     5 ||     9
         Potion            |     1 |     3 ||     4
   Stab: Sleeping          |       |     1 ||     1
 Armour: Leather armour    |    45 |    48 ||    93
         Scale mail        |    53 |     6 ||    59
  Dodge: Dodged            |    41 |    41 ||    82

Table legend: (Time is in decaauts)
 A = Elapsed time spent in this place.
 B = Non-inter-level travel time spent in this place.
 C = Inter-level travel time spent in this place.
 D = Time resting spent in this place.
 E = Time spent auto-exploring this place.
 F = Levels seen in this place.
 G = Mean time per level.
                   A        B        C        D        E       F      G
               +--------+--------+--------+--------+--------+-----+--------+
         Total |   2185 |   2171 |     14 |      0 |    583 |   3 |  728.3 |
       Dungeon |   2185 |   2171 |     14 |      0 |    583 |   3 |  728.3 |
               +--------+--------+--------+--------+--------+-----+--------+

Top non-repeatable levels by time:
     D:1: 1206 daAuts
     D:2: 775 daAuts
     D:3: 204 daAuts
